[Event "World Junior U20 Open 2018"]
[Site "Gebze"]
[Date "2018.09.14"]
[Round "10.60"]
[White "Ozsakallioglu, Okan"]
[Black "Dedebas, Emre Emin"]
[Result "0-1"]
[ECO "E06"]
[WhiteElo "1955"]
[BlackElo "2334"]
[Annotator "ChessBase"]
[PlyCount "68"]
[EventDate "2018.09.05"]
[EventType "swiss"]
[EventCountry "TUR"]
[SourceTitle "playchess.com"]
[Source "ChessBase"]
[SourceQuality "1"]
[TimeControl "40/5400+30:1800+30"]

1. d4 Nf6 2. Nf3 e6 3. g3 d5 4. Bg2 Be7 5. O-O O-O 6. c4 c6 7. Nc3 b6 8. Qc2 Ba6 9. Ne5 Nfd7 10. Nxd7 Nxd7 11. cxd5 cxd5 12. Bf4 Nf6 13. Qa4 Bb7 14. Rfe1 a6 15. Qb3 Rc8 16. Rac1 b5 17. Na4 Qa5 18. Nc3 Rc4 19. Rcd1 Rfc8 20. e4 Bb4 21. Bd2 Nxe4 22. Bxe4 dxe4 23. a3 Bxc3 24. bxc3 Qd8 25. Re3 Qd5 26. Rde1 f5 27. f3 exf3 28. Kf2 Re8 29. Re5 Qd7 30. Qc2 Qxd4+ 31. cxd4 Rxc2 32. Ke3 Bd5 33. h4 Rec8 34. Bb4 R8c4 0-1

[Event "World Junior U20 Open 2018"]
[Site "Gebze"]
[Date "2018.09.14"]
[Round "10.61"]
[White "Karaoglan, Doruk"]
[Black "Urazayev, Arystanbek"]
[Result "0-1"]
[ECO "C50"]
[WhiteElo "2196"]
[BlackElo "2333"]
[Annotator "ChessBase"]
[PlyCount "56"]
[EventDate "2018.09.05"]
[EventType "swiss"]
[EventCountry "TUR"]
[SourceTitle "playchess.com"]
[Source "ChessBase"]
[SourceQuality "1"]
[TimeControl "40/5400+30:1800+30"]

1. e4 e5 2. Nf3 Nc6 3. Bc4 Bc5 4. O-O Nf6 5. d4 Bxd4 6. Nxd4 Nxd4 7. f4 d6 8. fxe5 dxe5 9. Bg5 Qe7 10. c3 Ne6 11. Bxf6 gxf6 12. Kh1 Rg8 13. Qh5 Bd7 14. Qh4 Nf4 15. Rf2 O-O-O 16. Na3 h5 17. h3 Bc6 18. Re1 Rg5 19. Rc2 f5 20. Qf2 b6 21. Bd5 Nxd5 22. exd5 Bxd5 23. Qf1 Rdg8 24. Ree2 f4 25. c4 Bb7 26. Rf2 Rg3 27. Kh2 Qh4 28. c5 Rxh3+ 0-1

[Event "World Junior U20 Open 2018"]
[Site "Gebze"]
[Date "2018.09.14"]
[Round "10.62"]
[White "Tarlabasi, Emirhan"]
[Black "Zlatin, Alexander"]
[Result "1-0"]
[ECO "E11"]
[WhiteElo "2193"]
[BlackElo "2312"]
[Annotator "NA"]
[PlyCount "91"]
[EventDate "2018.09.05"]
[EventType "swiss"]
[EventCountry "TUR"]
[SourceTitle "playchess.com"]
[Source "ChessBase"]
[SourceQuality "1"]
[TimeControl "40/5400+30:1800+30"]

1. d4 Nf6 2. c4 e6 3. Nf3 Bb4+ 4. Nbd2 a5 {[%emt 0:00:00] LiveBook: 108 Partien} 5. a3 {[%emt 0:01:00] E11: Bogo-Indian} Bxd2+ (5... Be7 6. e4 d5 7. Qc2 c5 8. cxd5 exd5 9. Bb5+ Bd7 10. Bxd7+ Qxd7 11. O-O O-O 12. e5 Nh5 {½-½ (32) Ivanchuk,V (2727)-Fedorchuk,S (2640) Mali Losinj 2017}) 6. Qxd2 d6 7. e3 b6 8. Be2 $146 ({Predecessor:} 8. b3 Qe7 9. Bb2 Nbd7 10. Be2 O-O 11. O-O Bb7 12. Qc2 e5 13. Rfe1 Be4 14. Qc3 Rfe8 15. Nd2 Bf5 16. Bf3 e4 17. Be2 Bg4 18. Bf1 Nf8 19. h3 Bd7 {½-½ (50) Hofstetter,H (2176)-Zill,C GER email 2011}) 8... a4 9. O-O Bb7 10. Qc2 O-O 11. b4 axb3 12. Qxb3 Qe7 13. Bb2 Ne4 14. Qc2 f5 15. Ne1 Nd7 16. f3 Nef6 17. a4 Nh5 18. Bc3 f4 19. e4 Qh4 20. Nd3 Rf6 21. Nf2 Rg6 22. Rfb1 d5 23. cxd5 exd5 24. e5 Nf8 25. Bd3 Rc6 26. Qb3 Qd8 27. Bd2 Ne6 28. a5 Nxd4 29. Qa4 Ne6 30. a6 Nc5 31. Qc2 Nxa6 32. Bxh7+ Kh8 33. Qf5 Qe8 34. e6 Nf6 35. Bg6 Qxe6 36. Qxf4 Rc4 37. Qg5 Nc5 38. Rxa8+ Bxa8 39. Re1 Nce4 40. fxe4 dxe4 41. Bf5 Qd5 42. Be3 c5 43. Ng4 Nh7 44. Qh5 Qg8 45. Rd1 Rd4 46. Bxd4 1-0

[Event "World Junior U20 Open 2018"]
[Site "Gebze"]
[Date "2018.09.14"]
[Round "10.63"]
[White "Eren, Ataberk"]
[Black "Jogstad, Martin"]
[Result "1-0"]
[ECO "D19"]
[WhiteElo "2180"]
[BlackElo "2305"]
[Annotator "NA"]
[PlyCount "104"]
[EventDate "2018.09.05"]
[EventType "swiss"]
[EventCountry "TUR"]
[SourceTitle "playchess.com"]
[Source "ChessBase"]
[SourceQuality "1"]
[TimeControl "40/5400+30:1800+30"]

1. d4 d5 2. c4 c6 3. Nf3 Nf6 4. Nc3 dxc4 5. a4 Bf5 6. e3 e6 7. Bxc4 Bb4 8. O-O Nbd7 9. Qe2 Bg6 10. e4 O-O 11. Bd3 Bh5 12. e5 Nd5 13. Nxd5 cxd5 14. Qe3 Re8 15. Ng5 Bg6 16. f4 Bxd3 17. Qxd3 f5 18. Be3 h6 19. Nf3 Rc8 20. Kh1 Qa5 21. Rg1 Qa6 22. Qd1 Rc7 23. g4 fxg4 24. Rxg4 Nf8 25. Rg2 Rec8 26. f5 exf5 27. Nh4 Qe6 28. Qh5 f4 29. Bxf4 Qf7 30. Rxg7+ Qxg7 31. Rg1 Qxg1+ 32. Kxg1 Rg7+ 33. Kh1 Rc6 34. Nf5 Ne6 35. Bxh6 Bf8 36. Nxg7 Bxg7 37. Qe8+ Kh7 38. Bxg7 Nxg7 39. Qd7 Rc1+ 40. Kg2 Rc2+ 41. Kh3 Rxb2 42. Qxd5 Rb6 43. Qe4+ Rg6 44. d5 Nh5 45. d6 Ng7 46. d7 Ne6 47. Qf5 Kg7 48. Qxe6 Rxe6 49. d8=Q Rxe5 50. Qc7+ Kf6 51. Qxb7 a5 52. Qb2 Kf5 1-0

[Event "World Junior U20 Open 2018"]
[Site "Gebze"]
[Date "2018.09.14"]
[Round "10.64"]
[White "Ozenir, Ekin Baris"]
[Black "Cirovic, Miroljub"]
[Result "1/2-1/2"]
[ECO "A45"]
[WhiteElo "2303"]
[BlackElo "2181"]
[Annotator "NA"]
[PlyCount "129"]
[EventDate "2018.09.05"]
[EventType "swiss"]
[EventCountry "TUR"]
[SourceTitle "playchess.com"]
[Source "ChessBase"]
[SourceQuality "1"]
[TimeControl "40/5400+30:1800+30"]

1. d4 Nf6 2. Bg5 e6 3. e4 c5 4. d5 d6 {A45: Trompowsky Attack} (4... h6 5. Bxf6 Qxf6 6. Nc3 a6 7. Nf3 e5 8. a4 d6 9. Be2 g6 10. O-O Bg7 11. Nd2 O-O 12. Nc4 {½-½ (38) Kanep,M (2485)-Piorun,K (2657) Tallinn 2016}) 5. Nc3 Be7 6. Bb5+ Bd7 7. dxe6 fxe6 8. e5 dxe5 9. Bxf6 Bxf6 10. Qh5+ g6 11. Qg4 Nc6 12. O-O-O Qc7 $146 13. Qc4 O-O-O 14. Qxc5 Kb8 15. Nf3 a6 16. Ba4 Rhf8 17. Kb1 Nd4 18. Qxc7+ Kxc7 19. Bxd7 Rxd7 20. Nd2 b5 21. Nce4 Be7 22. c3 Nc6 23. Nf3 Rf4 24. Rxd7+ Kxd7 25. Re1 h6 26. Re2 g5 27. Ne1 Rh4 28. h3 g4 29. hxg4 Rxg4 30. f3 Rg6 31. Nd3 a5 32. Kc2 h5 33. Kd1 h4 34. Ke1 Rh6 35. Nef2 Rh5 36. Ng4 Kd6 37. Ngf2 b4 38. Kf1 bxc3 39. bxc3 Rh8 40. Rb2 Rb8 41. Rxb8 Nxb8 42. Ke2 Kd5 43. Ng4 Nc6 44. Ne3+ Kd6 45. Nc4+ Kd5 46. Nb6+ Kd6 47. Nc4+ Kd5 48. Ne3+ Kd6 49. Nf2 Kc5 {[%emt 0:04:30] [#]} 50. a4 $16 Kb6 51. Ne4 Bf8 52. Nc4+ Kc7 53. Kd3 Kd7 54. Ned2 Ne7 55. Nxe5+ Kc7 56. Ndc4 Nd5 57. Ne3 Nf4+ 58. Ke4 Nxg2 59. N3g4 Bd6 60. Nc4 Bg3 61. Nxa5 h3 62. Nb3 h2 63. Nxh2 Bxh2 64. Nd4 Nf4 65. a5 1/2-1/2

[Event "World Junior U20 Open 2018"]
[Site "Gebze"]
[Date "2018.09.14"]
[Round "10.65"]
[White "Taalaibekov, Tagir"]
[Black "Can, Melih Kaan"]
[Result "0-1"]
[ECO "D11"]
[WhiteElo "2291"]
[BlackElo "2195"]
[Annotator "ChessBase"]
[PlyCount "92"]
[EventDate "2018.09.05"]
[EventType "swiss"]
[EventCountry "TUR"]
[SourceTitle "playchess.com"]
[Source "ChessBase"]
[SourceQuality "1"]
[TimeControl "40/5400+30:1800+30"]

1. d4 Nf6 2. Nf3 d5 3. c4 c6 4. e3 a6 5. Nbd2 g6 6. Bd3 Bg7 7. O-O O-O 8. b3 Bf5 9. Be2 a5 10. Bb2 a4 11. Ne5 Nfd7 12. f4 Nxe5 13. fxe5 f6 14. Rxf5 gxf5 15. e6 Qd6 16. Bd3 Qxe6 17. Qf3 f4 18. exf4 f5 19. Qf2 axb3 20. Re1 Qd6 21. a3 Nd7 22. Qh4 Qf6 23. Qxf6 Rxf6 24. cxd5 cxd5 25. Rxe7 Rf7 26. Rxf7 Kxf7 27. Nxb3 Ke6 28. h3 h5 29. g3 Bf8 30. Be2 Bxa3 31. Bc3 Nf6 32. Nd2 Rc8 33. Ba5 Rc2 34. Bd3 Rc1+ 35. Kg2 Ne4 36. Nf3 Bd6 37. Be1 Ra1 38. Be2 Ra2 39. Kf1 Rb2 40. Nh4 Rb1 41. Bd3 Nxg3+ 42. Kf2 Ne4+ 43. Ke2 Rb2+ 44. Ke3 b5 45. Ba5 Rb3 46. Ng6 Nf2 0-1

[Event "World Junior U20 Open 2018"]
[Site "Gebze"]
[Date "2018.09.14"]
[Round "10.66"]
[White "Gulbeyaz, Emir"]
[Black "Piyumantha, M Sasith Nipun"]
[Result "1/2-1/2"]
[ECO "A01"]
[WhiteElo "2285"]
[BlackElo "2139"]
[Annotator "NA"]
[PlyCount "80"]
[EventDate "2018.09.05"]
[EventType "swiss"]
[EventCountry "TUR"]
[SourceTitle "playchess.com"]
[Source "ChessBase"]
[SourceQuality "1"]
[TimeControl "40/5400+30:1800+30"]

1. e4 c5 2. b3 g6 3. Bb2 Nf6 4. g3 Bg7 5. Bg2 d6 6. Ne2 O-O 7. O-O Nc6 8. c4 {A01: Nimzowitsch-Larsen Opening} (8. d3 Bd7 9. Nd2 Qc8 10. Nf4 Re8 11. Rb1 Bg4 12. f3 Bd7 13. Nc4 b5 14. Ne3 b4 15. Ne2 a5 {½-½ (30) Wang,C (2529)-Zhao,J (2621) Zaozhuang 2015}) 8... e5 9. h3 Nh5 $146 ({Predecessor:} 9... a6 10. Nbc3 Rb8 11. d3 b5 12. f4 exf4 13. gxf4 Nh5 14. Rb1 Nd4 15. Kh2 Qh4 {0-1 (73) Licheli,L (2056)-Juhasz,A (2314) Karpacz 2015}) 10. Kh2 Nd4 11. Nxd4 cxd4 12. d3 Bh6 13. Nd2 Ng7 14. b4 a5 15. bxa5 Qxa5 16. Nb3 Qc7 17. Bc1 Bxc1 18. Qxc1 Ne6 19. f4 f6 20. f5 Nc5 21. Nxc5 dxc5 22. h4 Kg7 23. Bh3 Bd7 24. g4 gxf5 25. gxf5 Kh8 26. Qh6 Qd6 27. Rg1 Rf7 28. h5 Qf8 29. Qd2 Rg7 30. h6 Rxg1 31. Rxg1 Re8 32. Rg7 Re7 33. Rg3 Re8 34. Bg2 b6 $11 35. Bf3 Re7 36. Kg1 Bc6 37. Bd1 Ra7 38. Qg2 Rb7 39. Bh5 Rb8 40. Rg7 Rb7 1/2-1/2

[Event "World Junior U20 Open 2018"]
[Site "Gebze"]
[Date "2018.09.14"]
[Round "10.67"]
[White "Tuna, Alp"]
[Black "Ismayilov, Muhammad"]
[Result "1/2-1/2"]
[ECO "D05"]
[WhiteElo "2253"]
[BlackElo "2137"]
[Annotator "ChessBase"]
[PlyCount "137"]
[EventDate "2018.09.05"]
[EventType "swiss"]
[EventCountry "TUR"]
[SourceTitle "playchess.com"]
[Source "ChessBase"]
[SourceQuality "1"]
[TimeControl "40/5400+30:1800+30"]

1. Nf3 d5 2. d4 e6 3. e3 Nf6 4. Bd3 c5 5. c3 Nc6 6. O-O Be7 7. Nbd2 O-O 8. dxc5 Bxc5 9. e4 e5 10. b4 Bd6 11. b5 Ne7 12. c4 d4 13. c5 Bxc5 14. Nxe5 Ng6 15. Nxg6 hxg6 16. Nb3 Bb6 17. Re1 Be6 18. Ba3 Re8 19. f3 Rc8 20. Rc1 Qd7 21. Bb4 Rxc1 22. Qxc1 Rc8 23. Qd2 Bc4 24. Rc1 Bxb3 25. axb3 Rc3 26. Rb1 Rc7 27. g3 Bc5 28. Bxc5 Rxc5 29. Bc4 Rc8 30. Rd1 Rd8 31. Qg5 Qc7 32. e5 Nh7 33. Qxg6 Qxe5 34. Qxf7+ Kh8 35. Qe6 Qh5 36. Kg2 Ng5 37. Qg4 Qxg4 38. fxg4 Ne4 39. Kf3 Nc3 40. Rd3 Rf8+ 41. Kg2 Rd8 42. g5 g6 43. Kf3 Kg7 44. Kf4 Rf8+ 45. Ke5 Nxb5 46. Bxb5 Rf5+ 47. Kxd4 Rxb5 48. Kc4 Rxg5 49. Rd7+ Kf6 50. Rxb7 Ra5 51. b4 Ra1 52. Rd7 Kf5 53. Rd5+ Kg4 54. Ra5 Rc1+ 55. Kb3 Rc7 56. Rc5 Rh7 57. Rc4+ Kh3 58. Rc2 g5 59. b5 g4 60. Kb4 Rb7 61. Ka5 Rh7 62. Rd2 Rb7 63. Re2 Rc7 64. Ra2 Rc4 65. Ka6 Rc7 66. Rd2 Rh7 67. Re2 Rf7 68. Rd2 Rh7 69. Re2 1/2-1/2

[Event "World Junior U20 Open 2018"]
[Site "Gebze"]
[Date "2018.09.14"]
[Round "10.68"]
[White "Aydincelebi, Kagan"]
[Black "Thilakarathne, G M H"]
[Result "1-0"]
[ECO "B51"]
[WhiteElo "2060"]
[BlackElo "2238"]
[Annotator "NA"]
[PlyCount "93"]
[EventDate "2018.09.05"]
[EventType "swiss"]
[EventCountry "TUR"]
[SourceTitle "playchess.com"]
[Source "ChessBase"]
[SourceQuality "1"]
[TimeControl "40/5400+30:1800+30"]

1. e4 c5 2. Nf3 d6 3. Bb5+ Nd7 4. a4 Ngf6 5. Nc3 g6 6. a5 Bg7 7. a6 O-O 8. O-O Ne8 9. d4 bxa6 10. Bxa6 Bxa6 11. Rxa6 Nc7 12. Ra2 a6 13. Be3 $11 Nb5 14. Qd2 Nxc3 15. Qxc3 Qc8 16. Qd3 Qb7 17. d5 Qb5 18. Qd2 Rfb8 19. Bg5 Nf6 20. Re1 Qb4 21. Qd3 h6 22. Bd2 Qb5 23. Qe3 Qd7 24. Bc3 Re8 25. Nd2 e6 26. Bxf6 Bxf6 27. Nc4 Qd8 28. Qd2 Bg7 29. c3 a5 30. Rea1 a4 31. Rxa4 Rxa4 32. Rxa4 exd5 33. Qxd5 Qe7 34. Nxd6 Rd8 35. Ra8 Rxa8 36. Qxa8+ Kh7 37. Qd5 Qa7 38. g3 Qa1+ 39. Kg2 Qxb2 40. c4 Qe2 41. Qxf7 h5 42. h4 Qd3 43. Qe7 Kh6 44. Nf7+ Kh7 45. Ng5+ Kh6 46. Qe6 Bf6 47. Qg8 1-0

[Event "World Junior U20 Open 2018"]
[Site "Gebze"]
[Date "2018.09.14"]
[Round "10.69"]
[White "Yilmaz, Goktan"]
[Black "Akin, Kadir"]
[Result "1-0"]
[ECO "B01"]
[WhiteElo "2237"]
[BlackElo "1974"]
[Annotator "NA"]
[PlyCount "77"]
[EventDate "2018.09.05"]
[EventType "swiss"]
[EventCountry "TUR"]
[SourceTitle "playchess.com"]
[Source "ChessBase"]
[SourceQuality "1"]
[TimeControl "40/5400+30:1800+30"]

1. e4 d5 2. exd5 Qxd5 3. Nc3 Qd6 4. d4 Nf6 5. Nf3 Bg4 {[%emt 0:00:00] LiveBook: 164 Games} 6. h3 Bh5 {B01: Scandinavian Defence} 7. g4 Bg6 8. Ne5 c6 9. Be3 Nbd7 10. Nxg6 (10. Qe2 Nd5 11. f4 Nxc3 12. bxc3 Be4 13. Rg1 Nxe5 14. dxe5 {0-1 (56) Grischuk,A (2750)-Rapport,R (2698) chess.com INT 2017}) 10... hxg6 11. Qf3 e6 12. O-O-O Qc7 13. Kb1 Nb6 14. g5 $146 Nfd5 15. Ne4 Nc8 16. c4 Nxe3 17. fxe3 Nd6 18. d5 Rh4 19. Nxd6+ Bxd6 20. Bd3 O-O-O 21. dxc6 bxc6 22. c5 Be7 23. Qxf7 Bxg5 24. Ba6+ Kb8 25. Rxd8+ Bxd8 26. Qe8 Rh5 27. e4 Qe7 28. Qxc6 Rxc5 29. Qa4 Bb6 30. b4 Rc7 31. Rd1 Qf8 $18 (31... Bf2 32. Qb5+ Bb6) 32. a3 Qe7 33. Qb5 Ka8 34. e5 Qf8 35. Qd3 Re7 36. Rc1 Kb8 37. Qd6+ Bc7 38. Rxc7 Qf5+ 39. Rc2+ 1-0

[Event "World Junior U20 Open 2018"]
[Site "Gebze"]
[Date "2018.09.14"]
[Round "10.70"]
[White "Sevgi, Volkan"]
[Black "Gulden, Egemen"]
[Result "1-0"]
[ECO "B43"]
[WhiteElo "2323"]
[BlackElo "2068"]
[Annotator "ChessBase"]
[PlyCount "83"]
[EventDate "2018.09.05"]
[EventType "swiss"]
[EventCountry "TUR"]
[SourceTitle "playchess.com"]
[Source "ChessBase"]
[SourceQuality "1"]
[TimeControl "40/5400+30:1800+30"]

1. e4 c5 2. Nc3 e6 3. Nf3 a6 4. g3 b5 5. d4 cxd4 6. Nxd4 Qb6 7. Nb3 Bb7 8. Be3 Qc7 9. Bg2 Nf6 10. O-O d6 11. a3 Nbd7 12. f4 Be7 13. Qe2 Rc8 14. Rad1 Ba8 15. h3 h5 16. Qf2 Rb8 17. Rfe1 Nb6 18. Bxb6 Rxb6 19. e5 Nd5 20. Bxd5 Bxd5 21. Rxd5 h4 22. g4 O-O 23. Rd3 dxe5 24. fxe5 a5 25. Red1 Rb7 26. Rd7 Qxd7 27. Rxd7 Rxd7 28. Nxb5 Rd5 29. Qe2 Rfd8 30. Nc3 R5d7 31. Qa6 a4 32. Qxa4 f6 33. Qc4 fxe5 34. Qxe6+ Kh8 35. Qxe5 Bf6 36. Qh5+ Kg8 37. g5 Bxc3 38. bxc3 Rd1+ 39. Kg2 Re1 40. Nd4 Rf8 41. g6 Rf4 42. Qd5+ 1-0

[Event "World Junior U20 Open 2018"]
[Site "Gebze"]
[Date "2018.09.14"]
[Round "10.71"]
[White "Nalbant, Tuna Onat"]
[Black "Tifferet, Shaked"]
[Result "0-1"]
[ECO "C54"]
[WhiteElo "2241"]
[BlackElo "2299"]
[Annotator "NA"]
[PlyCount "112"]
[EventDate "2018.09.05"]
[EventType "swiss"]
[EventCountry "TUR"]
[SourceTitle "playchess.com"]
[Source "ChessBase"]
[SourceQuality "1"]
[TimeControl "40/5400+30:1800+30"]

1. e4 e5 2. Nf3 Nc6 3. Bc4 Bc5 4. d3 Nf6 5. O-O d6 6. c3 a5 {C54: Italienische Partie (Hauptvariante)} 7. h3 h6 8. Re1 O-O 9. Nbd2 a4 10. Bb5 Bd7 11. Nf1 Ne7 12. Bxd7 Nxd7 13. Ng3 $146 ({Vorgänger:} 13. d4 Bb6 14. Ng3 {0-1 (29) Anand,V (2760)-Caruana,F (2822) Stavanger 2018}) 13... f5 14. d4 Bb6 15. exf5 Nxf5 16. Nxf5 Rxf5 17. Qd3 Qf8 18. Be3 Rxf3 19. gxf3 Qxf3 20. Qf1 exd4 21. cxd4 Rf8 22. Qg2 Qh5 23. Kh2 Nf6 24. Rg1 Rf7 25. Qg6 Qxg6 26. Rxg6 Kh7 27. Rgg1 Ne4 28. Rac1 d5 $14 29. Kg2 c6 30. Rgd1 Nd6 31. Rd3 Nb5 32. f3 Rf8 33. Re1 Re8 34. Kf2 Kg6 35. Rg1+ Kf7 36. Rg4 Nd6 37. Rf4+ Kg8 38. Bd2 h5 39. Bb4 Nf7 40. Re3 Rxe3 41. Kxe3 Bd8 42. h4 g6 43. Be1 Kg7 44. Bg3 Nh6 45. Bf2 g5 46. hxg5 Bxg5 47. Bg3 Nf5+ 48. Kf2 Nxg3 49. Kxg3 Bxf4+ 50. Kxf4 Kf6 51. b3 axb3 52. axb3 b6 53. b4 b5 54. Kg3 Kg5 55. Kh3 Kf4 56. Kg2 h4 0-1

[Event "World Junior U20 Open 2018"]
[Site "Gebze"]
[Date "2018.09.14"]
[Round "10.72"]
[White "Cansun, Can Alp"]
[Black "Akdogan, Alperen"]
[Result "1-0"]
[ECO "C41"]
[WhiteElo "2110"]
[BlackElo "2278"]
[Annotator "NA"]
[PlyCount "51"]
[EventDate "2018.09.05"]
[EventType "swiss"]
[EventCountry "TUR"]
[SourceTitle "playchess.com"]
[Source "ChessBase"]
[SourceQuality "1"]
[TimeControl "40/5400+30:1800+30"]

1. e4 e5 2. Nf3 d6 3. d4 exd4 4. Nxd4 Nf6 5. Nc3 Be7 6. Be2 O-O 7. O-O Re8 8. f4 {[%emt 0:09:00] LiveBook: 272 Games} Bf8 9. Bf3 c5 10. Nde2 {[%emt 0:02:30] C41: Philidor Defence} Nc6 11. h3 (11. Kh1 Bd7 12. Qd3 b5 13. a3 b4 14. Nd5 Rb8 15. b3 a5 16. Nxf6+ Qxf6 17. Rb1 Rbd8 {0-1 (26) Steingrimsson,H (2576)-Mamedyarov,S (2791) Antalya 2017}) 11... a6 12. Be3 Rb8 $146 ({Predecessor:} 12... d5 13. exd5 Rxe3 14. dxc6 Qxd1 15. Raxd1 bxc6 16. Bxc6 Ra7 17. Kf2 Rae7 {1-0 (33) Maurer,H (2004)-Frankenberger,R (1860) Bayern 2010}) 13. Qd2 Qc7 14. g4 b5 15. Rae1 b4 16. Nd5 Nxd5 $18 (16... Na7 $2 ) (16... Qd8 $14) 17. exd5 Na7 18. f5 Be7 19. Ng3 Bh4 20. Bg5 Bxf5 21. Bxh4 Bg6 22. Nf5 Nb5 23. Rxe8+ Rxe8 24. Re1 Rf8 25. Qf4 c4 26. Nxg7 1-0

[Event "World Junior U20 Open 2018"]
[Site "Gebze"]
[Date "2018.09.14"]
[Round "10.73"]
[White "Vanczak, Tamas"]
[Black "Ozturk, Efe Hakan"]
[Result "1-0"]
[ECO "C00"]
[WhiteElo "2276"]
[BlackElo "2065"]
[Annotator "NA"]
[PlyCount "133"]
[EventDate "2018.09.05"]
[EventType "swiss"]
[EventCountry "TUR"]
[SourceTitle "playchess.com"]
[Source "ChessBase"]
[SourceQuality "1"]
[TimeControl "40/5400+30:1800+30"]

1. e4 e6 2. b3 d5 3. Bb2 dxe4 4. Nc3 Nf6 5. Qe2 Be7 6. O-O-O O-O 7. g4 a5 8. a4 c6 9. g5 Nd5 10. Nxe4 b5 11. Qh5 bxa4 12. Bd3 Ba6 13. c4 Nd7 14. Nh3 Nb4 (14... e5 $142 15. Rhg1 a3) 15. Bb1 a3 16. Bxg7 a2 17. Qh6 axb1=Q+ $19 ({Not} 17... axb1=N $2 18. Bf6 $18) 18. Kxb1 Bxc4 19. bxc4 $17 Nf6 20. d3 Ng4 21. Qh4 Kxg7 22. Nf4 Qb8 23. Nh5+ Kh8 24. Qxg4 Nxd3+ 25. Kc2 Nb4+ 26. Kd2 Rd8+ 27. Ke2 Qe5 28. Nhg3 Qb2+ 29. Kf3 Rd3+ 30. Kg2 a4 31. Rb1 Qd4 32. Qh5 Rf8 33. Rxb4 Rxg3+ 34. Nxg3 Bxb4 35. Rd1 Qg7 36. Rd7 a3 37. Ra7 Bc5 38. Ra5 Qd4 39. g6 Qxf2+ 40. Kh3 fxg6 41. Qe5+ Kg8 42. Rxc5 Rf3 43. Ra5 Qf1+ 44. Kg4 Qd1 45. Qxe6+ Rf7+ 46. Kh3 Qd2 47. Ra8+ Kg7 48. Qe5+ Kh6 49. Rxa3 Rf2 50. Qe3+ Qxe3 51. Rxe3 Rc2 52. Re4 Rc3 53. Kg4 Rc2 54. h4 Kg7 55. Rf4 h5+ 56. Kf3 Rc3+ 57. Kf2 c5 58. Ne2 Ra3 59. Ng1 Rc3 60. Nf3 Ra3 61. Ng5 Ra6 62. Ke3 Rd6 63. Ke4 Rd4+ 64. Ke5 Rd1 65. Ne6+ Kg8 66. Nxc5 Rg1 67. Ne4 1-0

[Event "World Junior U20 Open 2018"]
[Site "Gebze"]
[Date "2018.09.14"]
[Round "10.74"]
[White "Kara, Yanki"]
[Black "Ozgur, Tibet Kagan"]
[Result "1-0"]
[ECO "B20"]
[WhiteElo "2262"]
[BlackElo "2056"]
[Annotator "NA"]
[PlyCount "59"]
[EventDate "2018.09.05"]
[EventType "swiss"]
[EventCountry "TUR"]
[SourceTitle "playchess.com"]
[Source "ChessBase"]
[SourceQuality "1"]
[TimeControl "40/5400+30:1800+30"]

1. e4 c5 2. b3 g6 {B20: Sicilian: Unusual White 2nd moves} 3. Bb2 Nf6 4. Qf3 (4. e5 Nd5 5. Qf3 Nb4 6. Na3 Bg7 7. e6 f6 8. c3 N4c6 9. Qe3 dxe6 10. Qxc5 {½-½ (41) Morozevich,A (2665)-Andreikin,D (2712) Moscow 2018}) 4... d6 5. Bb5+ Nbd7 6. Bxf6 exf6 7. Nc3 $146 ({Predecessor:} 7. Qd3 a6 8. Bxd7+ Bxd7 9. Nc3 Be6 10. Nge2 {1-0 (34) Chigaev,M (2521)-Ushenina,A (2426) St Petersburg 2015}) 7... a6 8. Bxd7+ Bxd7 9. Nge2 Bg7 10. Qd3 Be6 11. Ng3 O-O 12. f4 b5 13. f5 Bc8 14. O-O b4 15. Nd5 a5 16. Ne2 Re8 17. Qf3 gxf5 18. exf5 Bxf5 19. Qxf5 Rxe2 20. Qd3 Re5 $16 21. Rf3 f5 22. Raf1 Qh4 23. Rf4 Qg5 24. Ne3 Rae8 25. Qb5 Qd8 26. Nxf5 Re1 27. Rg4 Qf6 28. Rxg7+ Kh8 29. Rg3 Qxf5 30. Qxe8+ 1-0

[Event "World Junior U20 Open 2018"]
[Site "Gebze"]
[Date "2018.09.14"]
[Round "10.75"]
[White "Caglar, Ahmet Ata"]
[Black "Kwon, Sehyun"]
[Result "1-0"]
[ECO "E04"]
[WhiteElo "2071"]
[BlackElo "2129"]
[Annotator "NA"]
[PlyCount "35"]
[EventDate "2018.09.05"]
[EventType "swiss"]
[EventCountry "TUR"]
[SourceTitle "playchess.com"]
[Source "ChessBase"]
[SourceQuality "1"]
[TimeControl "40/5400+30:1800+30"]

1. d4 d5 2. c4 e6 3. Nf3 Nf6 4. g3 Bb4+ 5. Nbd2 dxc4 6. Bg2 b5 7. a4 c6 $11 {[%emt 0:00:30] LiveBook: 10 Games} 8. O-O Bb7 9. axb5 cxb5 10. Nxc4 Nbd7 11. Bd2 Qe7 12. Na5 Bd5 13. Bxb4 Qxb4 14. Qd2 Qd6 15. Rfc1 O-O 16. Qc3 Nb6 17. Qc5 Nc4 18. Rxc4 1-0

[Event "World Junior U20 Open 2018"]
[Site "Gebze"]
[Date "2018.09.14"]
[Round "10.76"]
[White "Yaran, Siar"]
[Black "Dionizio, Andre Filipe Nascim"]
[Result "1-0"]
[ECO "D00"]
[WhiteElo "2271"]
[BlackElo "2010"]
[Annotator "NA"]
[PlyCount "42"]
[EventDate "2018.09.05"]
[EventType "swiss"]
[EventCountry "TUR"]
[SourceTitle "playchess.com"]
[Source "ChessBase"]
[SourceQuality "1"]
[TimeControl "40/5400+30:1800+30"]

1. d4 d5 2. e4 dxe4 3. Nc3 Nf6 4. f3 exf3 5. Nxf3 Bg4 6. Bd3 e6 7. O-O Be7 8. Qe1 O-O 9. Qh4 Bf5 10. Bxf5 exf5 11. Bg5 h6 12. Rae1 hxg5 13. Nxg5 g6 14. Rxe7 Qxe7 15. Nd5 Qd6 16. Nxf6+ Kg7 17. Qh7+ Kxf6 18. Ne4+ Ke6 19. Nxd6 Kxd6 20. Qh4 f6 21. Qg3+ Kd5 1-0

[Event "World Junior U20 Open 2018"]
[Site "Gebze"]
[Date "2018.09.14"]
[Round "10.77"]
[White "Zrikem, Nassim"]
[Black "De Block, Yordi"]
[Result "0-1"]
[ECO "B13"]
[WhiteElo "2066"]
[BlackElo "2118"]
[Annotator "NA"]
[PlyCount "80"]
[EventDate "2018.09.05"]
[EventType "swiss"]
[EventCountry "TUR"]
[SourceTitle "playchess.com"]
[Source "ChessBase"]
[SourceQuality "1"]
[TimeControl "40/5400+30:1800+30"]

1. d4 Nf6 2. Nf3 d5 3. e3 c5 4. c3 Nc6 5. Bd3 Bg4 6. Nbd2 e6 7. Qa4 cxd4 8. exd4 Bd6 9. Ne5 Qc7 10. Nxg4 Nxg4 11. h3 Nf6 12. Nf3 O-O 13. O-O Bf4 14. Be3 Bxe3 15. fxe3 Ne4 16. Bxe4 dxe4 17. Nd2 f5 18. Qb3 Rf6 19. Nxe4 fxe4 20. Rxf6 gxf6 21. Qxe6+ Qf7 22. Qxe4 Re8 23. Qf3 Qg6 24. Re1 Re4 25. Rf1 Kg7 26. Qe2 Ne7 27. Rf3 h5 28. Kf2 h4 29. Qb5 Re6 30. Qd7 Qe4 31. Qb5 Rb6 32. Qe2 Qb1 33. b3 Ra6 34. a4 Qxb3 35. e4 Rxa4 36. e5 f5 37. Rd3 Ra1 38. Qe3 Qb1 39. Qg5+ Ng6 40. d5 Qg1+ 0-1

[Event "World Junior U20 Open 2018"]
[Site "Gebze"]
[Date "2018.09.14"]
[Round "10.78"]
[White "Maltezeanu, Stefan"]
[Black "Kilic, Gokturk Kagan"]
[Result "1/2-1/2"]
[ECO "B41"]
[WhiteElo "2089"]
[BlackElo "1910"]
[Annotator "NA"]
[PlyCount "67"]
[EventDate "2018.09.05"]
[EventType "swiss"]
[EventCountry "TUR"]
[SourceTitle "playchess.com"]
[Source "ChessBase"]
[SourceQuality "1"]
[TimeControl "40/5400+30:1800+30"]

1. e4 c5 2. Nf3 e6 3. d4 cxd4 4. Nxd4 a6 5. c4 Nf6 6. Nc3 Bb4 7. Bd3 Nc6 8. Nc2 Bxc3+ 9. bxc3 O-O 10. O-O d5 11. cxd5 exd5 12. exd5 Nxd5 13. c4 Ndb4 14. Nxb4 Nxb4 15. Be4 Qxd1 16. Rxd1 Nc6 17. Rb1 Be6 18. Rxb7 Rad8 19. Re1 Nd4 20. c5 Rfe8 21. f3 Bxa2 22. Be3 Bd5 23. Bxd5 Rxd5 24. Reb1 h6 25. Rb8 Rxb8 26. Rxb8+ Kh7 27. Kf2 Ne6 28. c6 a5 29. Bb6 Rd2+ 30. Kg3 Rc2 31. c7 Nxc7 32. Rc8 Rc6 33. Bxa5 Rg6+ 34. Kf2 1/2-1/2